General information
- name: BNet
- type: Ladder team game (AT/RT)
- host: Battle.net
- saver: 4v4RTSquadron
map: Slalom
- players: 8
- length: 27:26
- speed: Fast
- version: 1.26 W3XP
- replay type: Public
» download(158 KB)
Players
team 1 (winner)

»
It-Was-My-Fault (
orange | 25 APM | 654 actions | 26:30)
4 Warden
2 Fan of Knives
2 Blink
2 Keeper of the Grove
1 Entangling Roots
1 Thorns Aura
» actions
| Assign group hotkey | 16 | |
| Build / train | 35 | |
| Enter build submenu | 15 | |
| Enter hero's abilities submenu | 6 | |
| Give item / drop item | 1 | |
| Right click | 369 | |
| Select / deselect | 133 | |
| Select group hotkey | 35 | |
| Use ability | 44 | |
654 total
» units
| Wisp | 11 | |
| Huntress | 4 | |
| Mountain Giant | 2 | |
| Druid of the Claw | 3 | |
20 total
» upgrades
| Strength of the Wild | 1 | |
| Reinforced Hides | 1 | |
| Druid of the Claw Training | 2 | |
| Mark of the Claw | 1 | |
5 total
» buildings
| Altar of Elders | 1 | |
| Moon Well | 7 | |
| Hunter's Hall | 1 | |
| Ancient of War | 1 | |
| Ancient of Wonders | 1 | |
| Tree of Ages | 1 | |
| Ancient of Lore | 2 | |
| Tree of Eternity | 1 | |
15 total
» build order
00:23 Altar of Elders
00:36 Moon Well
01:32 Hunter's Hall
02:14 Ancient of War
02:27 Ancient of Wonders
02:37 Moon Well
03:54 Tree of Ages
06:17 Moon Well
06:25 Ancient of Lore
06:40 Ancient of Lore
08:04 Tree of Eternity
09:11 Moon Well
09:14 Moon Well
13:45 Moon Well
13:47 Moon Well
ThePeonsCryOut (
red | 52 APM | 1430 actions | 27:25)
4 Blood Mage
2 Flame Strike
2 Siphon Mana
» actions
| Assign group hotkey | 80 | |
| Basic commands | 177 | |
| Build / train | 64 | |
| Enter build submenu | 32 | |
| Enter hero's abilities submenu | 4 | |
| Give item / drop item | 8 | |
| Right click | 547 | |
| Select / deselect | 381 | |
| Select group hotkey | 65 | |
| Use ability | 72 | |
1430 total
» units
| Peasant | 17 | |
| Footman | 6 | |
| Sorceress | 3 | |
| Siege Engine | 4 | |
30 total
» upgrades
| Lumber Harvesting | 2 | |
| Sorceress Training | 1 | |
| Magic Sentry | 1 | |
| Gunpowder | 3 | |
| Plating | 3 | |
| Masonry | 1 | |
11 total
» buildings
| Altar of Kings | 1 | |
| Barracks | 1 | |
| Farm | 10 | |
| Keep | 1 | |
| Town Hall | 1 | |
| Arcane Vault | 1 | |
| Lumber Mill | 1 | |
| Arcane Sanctum | 1 | |
| Castle | 1 | |
| Blacksmith | 3 | |
| Scout Tower | 9 | |
| Arcane Tower | 1 | |
| Workshop | 4 | |
| Guard Tower | 2 | |
37 total
» build order
00:42 Altar of Kings
00:43 Barracks
00:51 Farm
01:06 Farm
01:07 Farm
01:30 Farm
01:31 Farm
04:05 Keep
04:20 Town Hall
04:34 Arcane Vault
04:38 Lumber Mill
06:30 Arcane Sanctum
06:36 Castle
07:09 Blacksmith
07:11 Blacksmith
07:15 Blacksmith
07:56 Scout Tower
07:57 Scout Tower
07:57 Scout Tower
08:06 Scout Tower
08:07 Scout Tower
08:07 Scout Tower
08:07 Scout Tower
08:08 Scout Tower
08:13 Scout Tower
09:14 Arcane Tower
09:20 Workshop
09:20 Workshop
09:21 Workshop
09:28 Guard Tower
11:01 Workshop
11:07 Guard Tower
12:45 Farm
12:46 Farm
12:47 Farm
12:48 Farm
12:48 Farm
» items
| Healing Salve | 1 | |
| Boots of Speed | 1 | |
| Staff of Teleportation | 1 | |
| Potion of Invisibility | 4 | |
| Potion of Lesser Invulnerability | 2 | |
| Potion of Mana | 3 | |
| Lesser Clarity Potion | 1 | |
13 total
4v4RTSquadron (
pink | 83 APM | 2278 actions | 27:26)
6 Archmage
3 Summon Water Elemental
2 Brilliance Aura
1 Mass Teleport
» actions
| Assign group hotkey | 53 | |
| Basic commands | 143 | |
| Build / train | 109 | |
| ESC pressed | 6 | |
| Enter build submenu | 54 | |
| Enter hero's abilities submenu | 6 | |
| Give item / drop item | 6 | |
| Right click | 948 | |
| Select / deselect | 390 | |
| Select group hotkey | 464 | |
| Use ability | 99 | |
2278 total
» units
| Peasant | 27 | |
| Footman | 10 | |
| Gryphon Rider | 7 | |
| Dragonhawk Rider | 3 | |
47 total
» upgrades
| Masonry | 3 | |
| Swords | 3 | |
| Lumber Harvesting | 2 | |
| Armor | 3 | |
| Animal War Training | 1 | |
| Storm Hammers | 1 | |
| Backpack | 1 | |
| Cloud | 1 | |
| Gunpowder | 3 | |
| Plating | 2 | |
| Magic Sentry | 1 | |
21 total
» buildings
| Altar of Kings | 1 | |
| Barracks | 1 | |
| Farm | 16 | |
| Arcane Vault | 1 | |
| Town Hall | 3 | |
| Keep | 1 | |
| Lumber Mill | 1 | |
| Blacksmith | 1 | |
| Scout Tower | 19 | |
| Guard Tower | 20 | |
| Castle | 1 | |
| Gryphon Aviary | 4 | |
| Arcane Sanctum | 1 | |
70 total
» build order
00:06 Altar of Kings
00:11 Barracks
00:17 Farm
01:00 Farm
01:59 Farm
02:50 Arcane Vault
03:26 Farm
03:45 Town Hall
05:08 Keep
05:18 Lumber Mill
05:51 Blacksmith
05:55 Farm
06:25 Scout Tower
06:28 Scout Tower
07:15 Guard Tower
07:29 Castle
07:36 Gryphon Aviary
07:37 Gryphon Aviary
09:09 Gryphon Aviary
09:10 Gryphon Aviary
10:30 Town Hall
10:34 Scout Tower
10:35 Scout Tower
10:36 Scout Tower
10:36 Scout Tower
11:08 Guard Tower
11:14 Guard Tower
11:59 Scout Tower
12:01 Scout Tower
15:35 Guard Tower
15:54 Farm
15:55 Farm
15:56 Farm
16:03 Farm
18:35 Farm
18:37 Farm
18:40 Farm
19:37 Scout Tower
19:37 Scout Tower
19:40 Scout Tower
19:42 Scout Tower
19:47 Scout Tower
19:53 Scout Tower
19:54 Scout Tower
19:58 Scout Tower
20:00 Scout Tower
20:11 Guard Tower
20:12 Guard Tower
20:12 Guard Tower
20:12 Guard Tower
20:14 Guard Tower
20:15 Guard Tower
20:32 Guard Tower
20:33 Guard Tower
20:38 Guard Tower
20:38 Guard Tower
20:43 Guard Tower
21:06 Scout Tower
21:24 Farm
21:33 Farm
21:35 Farm
21:37 Guard Tower
22:30 Scout Tower
22:41 Arcane Sanctum
23:03 Guard Tower
25:22 Farm
26:57 Town Hall
» items
| Periapt of Vitality | 1 | |
| Staff of Teleportation | 1 | |
| Boots of Speed | 1 | |
| Scroll of Regeneration | 2 | |
| Lesser Clarity Potion | 1 | |
| Potion of Healing | 1 | |
| Scroll of Town Portal | 1 | |
| Mechanical Critter | 3 | |
11 total
plz-work-plz (
teal | 56 APM | 1540 actions | 27:25)
5 Blademaster
3 Wind Walk
2 Critical Strike
» actions
| Assign group hotkey | 47 | |
| Basic commands | 63 | |
| Build / train | 55 | |
| Enter build submenu | 14 | |
| Enter hero's abilities submenu | 5 | |
| Give item / drop item | 4 | |
| Remove unit from queue | 1 | |
| Right click | 619 | |
| Select / deselect | 166 | |
| Select group hotkey | 490 | |
| Use ability | 76 | |
1540 total
» units
| Peon | 15 | |
| Grunt | 3 | |
| Raider | 4 | |
| Kodo Beast | 9 | |
31 total
» upgrades
| Ensnare | 2 | |
| Melee Weapons | 2 | |
| Reinforced Defenses | 1 | |
| Armor | 1 | |
6 total
» buildings
| Altar of Storms | 1 | |
| Orc Burrow | 8 | |
| Barracks | 1 | |
| Stronghold | 1 | |
| Voodoo Lounge | 1 | |
| War Mill | 1 | |
| Beastiary | 2 | |
| Fortress | 1 | |
| Great Hall | 1 | |
| Watch Tower | 4 | |
21 total
» build order
00:08 Altar of Storms
00:21 Orc Burrow
00:40 Barracks
01:24 Orc Burrow
02:45 Stronghold
03:13 Voodoo Lounge
03:30 Orc Burrow
03:52 War Mill
04:22 Orc Burrow
05:10 Beastiary
05:11 Beastiary
06:15 Fortress
07:56 Great Hall
07:58 Watch Tower
07:58 Watch Tower
08:22 Orc Burrow
09:41 Watch Tower
09:41 Watch Tower
17:02 Orc Burrow
17:02 Orc Burrow
17:02 Orc Burrow
» items
| Healing Salve | 1 | |
| Lesser Clarity Potion | 1 | |
| Potion of Healing | 1 | |
| Orb of Lightning | 1 | |
| Potion of Mana | 1 | |
| Staff of Teleportation | 1 | |
| Boots of Speed | 1 | |
| Potion of Lesser Invulnerability | 1 | |
8 total
team 2 (loser)

»
RickieFowlerFTW (
purple | 24 APM | 294 actions | 12:01)
2 Archmage
1 Summon Water Elemental
1 Brilliance Aura
» actions
| Build / train | 33 | |
| ESC pressed | 2 | |
| Enter build submenu | 23 | |
| Enter hero's abilities submenu | 2 | |
| Right click | 75 | |
| Select / deselect | 128 | |
| Use ability | 30 | |
294 total
» units
» upgrades
| Lumber Harvesting | 2 | |
| Barrage | 1 | |
3 total
» buildings
| Altar of Kings | 1 | |
| Farm | 8 | |
| Keep | 1 | |
| Blacksmith | 1 | |
| Lumber Mill | 1 | |
| Town Hall | 4 | |
| Castle | 1 | |
| Workshop | 2 | |
| Scout Tower | 5 | |
| Guard Tower | 4 | |
28 total
» build order
00:13 Altar of Kings
00:20 Farm
02:08 Keep
02:13 Farm
02:18 Blacksmith
03:01 Farm
03:06 Lumber Mill
03:40 Farm
04:23 Town Hall
04:28 Farm
04:42 Castle
05:15 Farm
05:51 Workshop
05:54 Workshop
05:57 Farm
06:37 Farm
06:59 Town Hall
07:27 Scout Tower
08:23 Scout Tower
08:40 Scout Tower
08:56 Guard Tower
08:59 Scout Tower
09:17 Guard Tower
09:19 Scout Tower
09:26 Guard Tower
09:49 Guard Tower
10:54 Town Hall
10:59 Town Hall
darkmark (
blue | 62 APM | 768 actions | 12:18)
3 Priestess of the Moon
2 Trueshot Aura
1 Scout
1 Keeper of the Grove
1 Thorns Aura
» actions
| Basic commands | 1 | |
| Build / train | 35 | |
| Enter build submenu | 15 | |
| Enter hero's abilities submenu | 4 | |
| Remove unit from queue | 1 | |
| Right click | 507 | |
| Select / deselect | 177 | |
| Use ability | 28 | |
768 total
» units
| Wisp | 11 | |
| Archer | 3 | |
| Huntress | 5 | |
| Faerie Dragon | 3 | |
22 total
» upgrades
| Strength of the Moon | 1 | |
| Strength of the Wild | 2 | |
| Sentinel | 0 | |
| Reinforced Hides | 1 | |
4 total
» buildings
| Altar of Elders | 1 | |
| Moon Well | 6 | |
| Ancient of War | 1 | |
| Tree of Ages | 1 | |
| Hunter's Hall | 1 | |
| Ancient of Wonders | 1 | |
| Tree of Eternity | 1 | |
| Ancient of Wind | 1 | |
| Chimaera Roost | 4 | |
17 total
» build order
00:09 Altar of Elders
00:23 Moon Well
00:42 Ancient of War
01:32 Moon Well
01:44 Moon Well
02:54 Tree of Ages
03:54 Hunter's Hall
04:16 Moon Well
04:38 Ancient of Wonders
05:04 Moon Well
06:27 Moon Well
07:16 Tree of Eternity
07:34 Ancient of Wind
10:24 Chimaera Roost
10:31 Chimaera Roost
10:37 Chimaera Roost
10:41 Chimaera Roost

»
Zarhym (
green | 60 APM | 1645 actions | 27:25)
10 Blademaster
3 Critical Strike
3 Wind Walk
1 Bladestorm
3 Mirror Image
1 Priestess of the Moon
1 Searing Arrows
2 Archmage
1 Brilliance Aura
1 Summon Water Elemental
» actions
| Assign group hotkey | 106 | |
| Basic commands | 59 | |
| Build / train | 75 | |
| ESC pressed | 5 | |
| Enter build submenu | 25 | |
| Enter hero's abilities submenu | 13 | |
| Give item / drop item | 2 | |
| Remove unit from queue | 2 | |
| Right click | 795 | |
| Select / deselect | 161 | |
| Select group hotkey | 305 | |
| Use ability | 97 | |
1645 total
» units
» upgrades
| Armor | 2 | |
| Ranged Weapons | 2 | |
| Envenomed Spears | 1 | |
| Reinforced Defenses | 1 | |
| Spiked Barricades | 2 | |
8 total
» buildings
| Orc Burrow | 6 | |
| Altar of Storms | 1 | |
| Barracks | 1 | |
| War Mill | 1 | |
| Voodoo Lounge | 1 | |
| Stronghold | 1 | |
| Watch Tower | 2 | |
| Great Hall | 8 | |
| Fortress | 1 | |
| Beastiary | 2 | |
24 total
» build order
00:20 Orc Burrow
00:36 Altar of Storms
01:01 Barracks
01:10 War Mill
01:56 Orc Burrow
02:05 Voodoo Lounge
03:55 Stronghold
05:09 Watch Tower
05:46 Great Hall
06:21 Great Hall
06:26 Great Hall
06:30 Fortress
07:17 Beastiary
07:18 Beastiary
07:28 Watch Tower
09:13 Orc Burrow
12:10 Great Hall
12:50 Orc Burrow
13:58 Orc Burrow
17:30 Orc Burrow
19:30 Great Hall
21:12 Great Hall
21:45 Great Hall
23:59 Great Hall
» items
| Orb of Lightning | 1 | |
| Potion of Healing | 1 | |
| Tiny Great Hall | 1 | |
| Boots of Speed | 1 | |
4 total

»
bluemetalangel (
yellow | 33 APM | 406 actions | 12:24)
3 Priestess of the Moon
1 Searing Arrows
2 Trueshot Aura
» actions
| Build / train | 51 | |
| Enter build submenu | 11 | |
| Enter hero's abilities submenu | 3 | |
| Give item / drop item | 2 | |
| Remove unit from queue | 1 | |
| Right click | 169 | |
| Select / deselect | 146 | |
| Use ability | 23 | |
406 total
» units
| Wisp | 9 | |
| Archer | 17 | |
| Hippogryph | 3 | |
| Druid of the Talon | 5 | |
| Huntress | 2 | |
36 total
» upgrades
| Improved Bows | 1 | |
| Hippogryph Taming | 1 | |
| Druid of the Talon Training | 1 | |
| Ultravision | 1 | |
| Well Spring | 1 | |
5 total
» buildings
| Ancient of War | 1 | |
| Moon Well | 6 | |
| Altar of Elders | 1 | |
| Tree of Ages | 1 | |
| Ancient of Wonders | 1 | |
| Tree of Eternity | 1 | |
| Ancient of Wind | 1 | |
| Hunter's Hall | 1 | |
| Chimaera Roost | 1 | |
14 total
» build order
00:18 Ancient of War
00:26 Moon Well
00:52 Altar of Elders
01:57 Moon Well
02:23 Moon Well
03:46 Tree of Ages
04:14 Ancient of Wonders
06:22 Tree of Eternity
06:28 Ancient of Wind
06:40 Moon Well
06:42 Moon Well
06:44 Moon Well
10:49 Hunter's Hall
12:02 Chimaera Roost
» items
| Moonstone | 1 | |
| Potion of Healing | 1 | |
| Potion of Mana | 1 | |
3 total
Chat log
(00:04 / All) Zarhym: aw
(00:06 / Allies) It-Was-My-Fault: sup
(00:08 / All) Zarhym: this is totally unfair
(00:13 / Allies) It-Was-My-Fault: plan?
(00:14 / All) plz-work-plz: more funf or u
(00:17 / All) 4v4RTSquadron: gg
(00:29 / Allies) It-Was-My-Fault: plan?
(00:57 / All) ThePeonsCryOut: my god is an awesome god
(01:01 / All) ThePeonsCryOut: I call him god!
(01:02 / Allies) It-Was-My-Fault: i assume we will creeo then atack later?
(01:23 / Allies) It-Was-My-Fault: units?
(01:30 / All) Zarhym: I AM BLIZZARD FORUM MODERATOR YOU WILL DO AS I COMMAND OR I BAN YOUR NOOB ASS LOLOLOLOLOL
(01:44 / Allies) ThePeonsCryOut: Orange fuck off and don't talk to us
(01:45 / Allies) ThePeonsCryOut: faggot
(01:50 / Allies) 4v4RTSquadron: Go away orange
(01:52 / Allies) 4v4RTSquadron: You suck
(01:54 / Allies) 4v4RTSquadron: just leave
(01:56 / Allies) It-Was-My-Fault: okay, red i will do as commanded
(01:58 / Allies) ThePeonsCryOut: Ain';t got time for your shit orange
(02:04 / All) plz-work-plz: i am a homosexual
(02:11 / All) darkmark: what game is this
(02:16 / All) darkmark: this is runescape right
(02:35 / All) plz-work-plz: u cant help it
(03:19 / Allies) ThePeonsCryOut: C"MON NIGHT!!!!1
(03:39 / Allies) It-Was-My-Fault: really?
(03:46 / Allies) It-Was-My-Fault: atleast its night
(04:03 / All) plz-work-plz: give wood to red and pink plz orange
(04:18 / Allies) It-Was-My-Fault: when i get some i will
(04:36 / All) plz-work-plz: get to watch fallign skies tonight woot
(05:06 / Allies) ThePeonsCryOut: clearing teal an expo!
(05:35 / Allies) It-Was-My-Fault: red take
(07:11 / Allies) It-Was-My-Fault: anyone need gold?
(07:14 / All) plz-work-plz: me
(08:26 / Allies) It-Was-My-Fault: bears mgs here
(08:37 / All) plz-work-plz: wood plz orange
(08:43 / Allies) It-Was-My-Fault: unless you got knights red
(08:54 / Allies) ThePeonsCryOut: I got tanks maybe
(10:18 / All) ThePeonsCryOut: HO HO HO
(10:19 / Allies) It-Was-My-Fault: good shit
(10:23 / All) RickieFowlerFTW: tired of this shit
(10:27 / Allies) ThePeonsCryOut: lol
(10:38 / All) ThePeonsCryOut: see ya
(12:13 / All) ThePeonsCryOut: be the woman that you ought to be!
(12:20 / All) ThePeonsCryOut: worship your man so reverantly!
(12:29 / All) plz-work-plz: WE RAPED THEM IRAOGNE
(12:31 / All) Zarhym: ok all my allies are gone
(12:31 / All) plz-work-plz: good job orange
(12:33 / All) Zarhym: Now what
(12:42 / All) 4v4RTSquadron: Just grabbing mass tp
(12:54 / Allies) ThePeonsCryOut: wood me orange
(13:03 / Allies) ThePeonsCryOut: (so I can kill ya)
(13:03 / All) Zarhym: kk stop killing my leavers then :P
(13:04 / Allies) ThePeonsCryOut: ty
(13:08 / Allies) It-Was-My-Fault: lol
(13:32 / All) ThePeonsCryOut: what kind of stuff was purple saying
(13:42 / All) Zarhym: my team didnt say a word in allied chat all game
(13:54 / All) ThePeonsCryOut: I like how he was like "tired of this shit"
(13:57 / Allies) It-Was-My-Fault: fuck
(14:01 / All) Zarhym: yeah lol
(14:06 / Allies) ThePeonsCryOut: no big deal orange
(14:06 / Allies) ThePeonsCryOut: trust me
(14:14 / Allies) It-Was-My-Fault: what?
(14:14 / Allies) ThePeonsCryOut: least of your worries
(14:19 / Allies) 4v4RTSquadron: yeah
(14:46 / All) plz-work-plz: my mistake orange
(14:46 / All) ThePeonsCryOut: I told you and told you to shut your mouth
(14:51 / All) ThePeonsCryOut: and try to look purty for me
(14:57 / All) ThePeonsCryOut: but you refused to live out my fantasies
(15:01 / All) ThePeonsCryOut: so I'm giving you an order today
(15:01 / Allies) It-Was-My-Fault: : (
(15:03 / All) ThePeonsCryOut: I WANT YOUR LOVE
(15:06 / All) ThePeonsCryOut: ON COMMAND
(15:08 / Allies) It-Was-My-Fault: i only want to pleas eyou
(15:11 / All) ThePeonsCryOut: IT'S COMMUNISM IF YOU DON'T OBEY
(16:06 / Allies) It-Was-My-Fault: wow
(16:11 / All) plz-work-plz: WTF PINK
(16:13 / Allies) It-Was-My-Fault: thanks guys
(16:19 / Allies) ThePeonsCryOut: It's no problem
(16:24 / Allies) ThePeonsCryOut: anytime
(16:25 / Allies) 4v4RTSquadron: Glad to be of service, ma'am.
(16:28 / Allies) It-Was-My-Fault: we didnt win yet you know
(16:39 / Allies) 4v4RTSquadron: Oh really?
(16:40 / Allies) ThePeonsCryOut: That's the point
(17:09 / Allies) 4v4RTSquadron: You can keep 1 bear.
(17:15 / Allies) It-Was-My-Fault: yes!
(17:23 / Allies) It-Was-My-Fault: ill name him lucky
(18:14 / Allies) It-Was-My-Fault: well then...
(18:18 / Allies) 4v4RTSquadron: Careful
(18:21 / Allies) It-Was-My-Fault: oh no: (
(18:30 / Allies) It-Was-My-Fault: hes my last one
(19:01 / Allies) It-Was-My-Fault: why are you guys killing yourselves?
(19:10 / Allies) 4v4RTSquadron: Depression, man.
(19:16 / Allies) It-Was-My-Fault: oh i see
(19:18 / All) plz-work-plz: it is the 39 year anniversary of the charles mansion killings
(19:18 / Allies) 4v4RTSquadron: Gotta grab that .44 and kill ourselves.
(19:58 / Allies) It-Was-My-Fault: atleast he died with a battle cry
(20:20 / All) plz-work-plz: gonna watch falling skies woot
(20:21 / All) plz-work-plz: 2 hours
(20:30 / Allies) It-Was-My-Fault: i dislike that show
(20:40 / Allies) It-Was-My-Fault: red go kill green?
(20:41 / All) plz-work-plz: the guy's son is hella hot
(20:58 / Allies) ThePeonsCryOut: why would I kill green?
(21:07 / Allies) It-Was-My-Fault: hes on the other team?
(21:11 / Allies) ThePeonsCryOut: that so?
(21:14 / All) plz-work-plz: ur team gave up quick
(21:19 / All) Zarhym: yeah they were lamers
(22:37 / All) Zarhym: what other buildings do you have
(22:54 / All) It-Was-My-Fault: shut your whore mouth
(23:28 / Allies) ThePeonsCryOut: who is who
(23:33 / Allies) 4v4RTSquadron: I'm Rod Serling.
(23:34 / All) plz-work-plz: ia m jake
(23:38 / Allies) ThePeonsCryOut: obv
(23:50 / All) It-Was-My-Fault: im marcelis wallace
(24:09 / All) plz-work-plz: we just were dragging this out
(24:19 / All) plz-work-plz: why did ur team even leave so early
(24:21 / All) Zarhym: oh I thought you wanted your team to lose
(24:27 / All) plz-work-plz: we are duh
(24:28 / All) 4v4RTSquadron: We do
(24:35 / Allies) It-Was-My-Fault: why?
(24:50 / Allies) It-Was-My-Fault: how is tking fun?
(24:58 / All) ThePeonsCryOut: OH SHIT
(25:00 / All) ThePeonsCryOut: I'M OUTTA HERE
(25:18 / All) plz-work-plz: lets have a bm battle teelo
(25:29 / All) Zarhym: kk
(25:36 / All) Zarhym: meet where
(25:56 / All) Zarhym: show yourself lol
(26:17 / All) plz-work-plz: where u at
(26:28 / All) Zarhym: well come on
(26:37 / All) 4v4RTSquadron: Which side gets the loss?
(26:42 / All) ThePeonsCryOut: well your team should lose now since you have 3 real people
(26:47 / All) plz-work-plz: i say his team
(26:53 / All) 4v4RTSquadron: Makes sense.
(27:10 / All) plz-work-plz: ok ur team loses teelo? im gonna eat after this
(27:11 / All) Zarhym: so you want me to leave?
(27:16 / All) 4v4RTSquadron: yeah
(27:18 / All) 4v4RTSquadron: for the loss
(27:23 / All) Zarhym: kk